 Dungeon Crawl Stone Soup version 0.14-a0-1585-g835621a (webtiles) character file.

2277 HollowCharge the Basher (level 9, -2/100 HPs)
             Began as an Ogre Gladiator on Dec 22, 2013.
             Was an Initiate of the Shining One.
             Killed from afar by a titan (27 damage)
             ... with a bolt of lightning
             ... created by the fury of Okawaru
             ... on Level 7 of the Dungeon.
             The game lasted 00:45:29 (8335 turns).

HollowCharge the Basher (Ogre Gladiator)            Turns: 8335, Time: 00:45:29

HP  -2/100       AC  3     Str 25      XL: 9   Next: 31%
MP   9/9         EV 12     Int  7      God: the Shining One [......]
Gold 131         SH  0     Dex 10      Spells:  0 memorised,  8 levels left

rFire  + . .     SeeInvis .     y - +2,-1 flail (holy)
rCold  . . .     Clarity  .     r - +0 elf robe (curse)
rNeg   . . .     Conserve .     (shield restricted)
rPois  .         rCorr    .     c - +0 cap
rElec  .         rRot     .     (no cloak)
SustAb . .       Spirit   .     (gloves unavailable)
rMut   .         Warding  .     (boots unavailable)
Saprov + . .     Stasis   .     (no amulet)
                                (no ring)
                                p - ring of protection from fire

@: mildly poisoned, somewhat resistant to hostile enchantments, unstealthy
A: unfitting armour, fast metabolism 1, saprovore 1, tough skin 1
a: Renounce Religion


You were on level 7 of the Dungeon.
You worshipped the Shining One. the Shining One was noncommittal.
You were not hungry.

You visited 2 branches of the dungeon, and saw 8 of its levels.

You collected 131 gold pieces.

Inventory:

Hand weapons
 j - a +0,+1 orcish morningstar
 y - a +2,-1 flail of holy wrath (weapon)
Armour
 c - a +0 cap (worn)
 m - a +0 elven robe
 r - a cursed +0 elven robe (worn)
Magical devices
 i - a wand of magic darts (0)
 t - a wand of enslavement (11)
 A - a wand of fire (8)
Comestibles
 a - a chunk of adder flesh
 b - 2 chunks of giant frog flesh
 d - 6 bread rations
 f - a meat ration
 k - a rotting chunk of giant newt flesh
Scrolls
 h - a scroll of magic mapping
 l - a scroll of blinking
Jewellery
 p - a ring of protection from fire (left hand)
 x - an uncursed amulet of conservation
Potions
 e - a potion of heal wounds
 g - 2 potions of curing
Books
 o - a book of Changes

   Spells                             Type                      Level
   Beastly Appendage                  Transmutation                1
   Sticks to Snakes                   Transmutation                2
   Spider Form                        Transmutation/Poison         3
   Ice Form                           Ice/Transmutation            4
   Blade Hands                        Transmutation                5


   Skills:
 + Level 9.5 Fighting
 + Level 10.0 Maces & Flails
 - Level 2.1 Throwing
 + Level 6.8 Dodging


You had 8 spell levels left.
You didn't know any spells.

Dungeon Overview and Level Annotations

Branches:
Dungeon (7/16)             Temple (1/1) D:5

Altars:
Ashenzari
Cheibriados
Elyvilon
Fedhas
Kikubaaqudgha
Makhleb
Nemelex Xobeh
Okawaru
Sif Muna
Trog
Vehumet
Xom
Yredelemnul
Zin
the Shining One

Annotations:
D:4 ReteAZ's ghost, average LOFi


Innate Abilities, Weirdness & Mutations

You are too large for most types of armour.
You have a fast metabolism.
You can tolerate rotten meat.
You have tough skin (AC +1).


Message History

The jelly hits you.
You are splashed with acid!
The acid burns!
You bludgeon the jelly!!
The acid corrodes your +2,+0 flail of holy wrath!
You kill the jelly!
Your Maces & Flails skill increases to level 10!
As you read the scroll labeled MYTANOFUZO, it crumbles to dust.
You assume a fearsome visage.
Nothing appears to happen.
It was a scroll of fear.
You start resting.
You feel sick.
A cyclops comes into view.
A titan comes into view.
Okawaru sends forces against you!
The titan waves its arms in wide circles.
The air twists around and strikes you!
* * * LOW HITPOINT WARNING * * *
* * * LOW HITPOINT WARNING * * *
You feel sick.
The titan gestures at you while chanting.
The bolt of lightning hits you!
You die...

......!..%............# #....#..
......................####....#.#
...(.................... #....#.#
.............:..........##....#.#
..............................#.#
............C.(.......##......#..
......................##.(....#..
..............C..................
................@.....##########.
...................<..# ##
......................#
......................#
......................#
....................).#
....<.................#######
.................%..........#
............................#


You could see a titan and a cyclops.

Vanquished Creatures
  Grinder (D:5)
  A spriggan (D:7)
  Edmund (D:5)
  3 ice beasts
  3 centaurs
  Duvessa (D:6)
  2 giant frogs
  3 killer bees (D:7)
  Dowan (D:6)
  A yellow wasp zombie (D:7)
  4 crimson imps
  A jelly (D:7)
  2 hounds (D:4)
  3 orc priests
  A scorpion (D:4)
  3 worker ants
  2 orc wizards
  Ijyb (D:5)
  A mummy (D:7)
  8 adders
  2 worms
  3 giant geckos
  An ooze (D:2)
  10 orcs
  3 ball pythons
  9 bats
  2 bat zombies
  3 giant cockroaches
  15 hobgoblins
  6 jackals
  3 quokkas
  9 giant newts
  8 goblins
  10 kobolds
  An orc skeleton (D:5)
  A quokka skeleton (D:7)
  13 rats
142 creatures vanquished.

Notes
Turn   | Place    | Note
--------------------------------------------------------------
     0 | D:1      | HollowCharge, the Ogre Gladiator, began the quest for the Orb.
     0 | D:1      | Reached XP level 1. HP: 22/22 MP: 1/1
   193 | D:1      | Reached XP level 2. HP: 26/29 MP: 2/2
   851 | D:2      | Reached XP level 3. HP: 29/37 MP: 3/3
  1600 | D:3      | Reached skill level 5 in Maces & Flails
  1600 | D:3      | Reached XP level 4. HP: 28/48 MP: 4/4
  2158 | D:3      | Reached XP level 5. HP: 38/55 MP: 5/5
  2817 | D:4      | Found an iron altar of Okawaru.
  2855 | D:4      | Became a worshipper of Warmaster Okawaru
  3084 | D:4      | Noticed a centaur
  3093 | D:4      | Killed a centaur
  3093 | D:4      | Reached skill level 5 in Fighting
  3093 | D:4      | Reached skill level 6 in Maces & Flails
  3093 | D:4      | Reached XP level 6. HP: 34/66 MP: 6/6
  3286 | D:4      | Noticed ReteAZ's ghost (average LOFi)
  3579 | D:4      | Found a shattered altar of Ashenzari.
  3948 | D:5      | Entered Level 5 of the Dungeon
  3964 | D:5      | Noticed Grinder
  4146 | D:4      | Reached XP level 7. HP: 12/75 MP: 7/7
  4682 | D:5      | Reached skill level 7 in Maces & Flails
  4702 | D:5      | Acquired Okawaru's first power
  4824 | D:5      | Found a bloodstained altar of Trog.
  4843 | D:5      | Paralysed by Grinder for 3 turns
  4846 | D:5      | HP: 2/76 [Grinder (9)]
  4857 | D:5      | Killed Grinder
  4857 | D:5      | Reached skill level 5 in Dodging
  4857 | D:5      | Reached XP level 8. HP: 37/87 MP: 8/8
  5033 | D:5      | Noticed Ijyb
  5043 | D:5      | Killed Ijyb
  5103 | D:5      | Found a shimmering altar of Xom.
  5178 | D:5      | Noticed Edmund
  5189 | D:5      | Killed Edmund
  5189 | D:5      | Reached skill level 8 in Maces & Flails
  5449 | D:5      | Found a staircase to the Ecumenical Temple.
  5489 | Temple   | Entered the Ecumenical Temple
  5561 | Temple   | Fell from the grace of Okawaru
  5561 | Temple   | Became a worshipper of the Shining One
  6329 | D:6      | Noticed Dowan
  6330 | D:6      | Noticed Duvessa
  6348 | D:6      | Killed Duvessa
  6354 | D:6      | Killed Dowan
  6653 | D:6      | Reached skill level 9 in Maces & Flails
  7568 | D:7      | Reached XP level 9. HP: 71/97 MP: 9/9
  7846 | D:7      | Noticed a spriggan baker
  7852 | D:7      | Killed a spriggan baker
  8303 | D:7      | Reached skill level 10 in Maces & Flails
  8331 | D:7      | Noticed a cyclops
  8331 | D:7      | Noticed a titan
  8335 | D:7      | Killed from afar by a titan

Action                   |  1- 3 |  4- 6 |  7- 9 || total
-------------------------+-------+-------+-------++-------
Melee: Mace              |   124 |    26 |       ||   150
       Morningstar       |       |   142 |    68 ||   210
       Flail             |       |       |   184 ||   184
Throw: Throwing net      |     2 |     3 |     2 ||     7
Evoke: Wand              |       |     5 |     1 ||     6
  Use: Scroll            |     7 |     9 |     8 ||    24
       Potion            |       |       |     5 ||     5
 Stab: Sleeping          |     1 |       |     1 ||     2
       Held in net/web   |       |     1 |       ||     1
